 Dungeon Crawl Stone Soup version 0.32-a0-329-ge6c31236d6 (webtiles) character file.

Game seed: 2150990231340437212

50068 Asa the Warrior (level 14, -13/126 HPs)
             Began as a Minotaur Monk on Feb 16, 2024.
             Was a High Priest of Hepliaklqana.
             Mangled by a war gargoyle
             ... wielding a +0 morningstar
             ... led by a peacekeeper
              (43 damage)
             ... on level 2 of the Vaults.
             The game lasted 01:23:43 (19484 turns).

Asa the Warrior (Minotaur Monk)                    Turns: 19484, Time: 01:23:44

Health: -13/126    AC: 21    Str: 21    XL:     14   Next: 18%
Magic:  20/24      EV: 11    Int: 11    God:    Hepliaklqana [*****.]
Gold:   621        SH:  0    Dex: 19    Spells: 12/13 levels left

rFire   . . .        m - +7 short sword "Ogreslayer" {venom, Int+4}
rCold   + . .        d - orb {light}
rNeg    + + .        q - +7 Kryia's mail coat {PotionHeal*2 rC+}
rPois   .            A - +0 hat of Qiown {Harm rN+}
rElec   .            N - scarf of Duck's Teeth {shadows, ^Drain +Blink Dex+6 Slay+3}
rCorr   .            u - +2 pair of gloves
SInv    +            t - +2 pair of boots
Will    +....        f - amulet of faith Stlth
                     r - ring of positive energy
HPRegen 0.41/turn    I - ring of see invisible
MPRegen 0.19/turn

%: harm (+30% outgoing, +20% incoming), faith
@: glowing
A: reduced essence, horns 2, retaliatory headbutt
a: Renounce Religion, Evoke Blink, Recall Ancestor, Ancestor Identity,
Transference, Idealise


You were on level 2 of the Vaults.
You worshipped Hepliaklqana.
Hepliaklqana was extremely pleased with you.
You visited 3 branches of the dungeon, and saw 18 of its levels.

You collected 957 gold pieces.
You spent 336 gold pieces at shops.

Inventory:

Hand Weapons
 a - a +0 spectral falchion
 i - the +3 orcbow of the Shouting Gods {drain, rN+ Int-5 Dex+5}
   (You found it on level 12 of the Dungeon)

   Int-5:     It affects your intelligence (-5).
   Dex+5:     It affects your dexterity (+5).
   rN+:       It protects you from negative energy.
 m - the +7 short sword "Ogreslayer" (weapon) {venom, Int+4}
   (You found it on level 3 of the Dungeon)

   Int+4:     It affects your intelligence (+4).
Armour
 b - a +1 robe
 d - an orb of light (worn)
 h - a +2 cloak
 l - an orb of guile
 q - the +7 Kryia's mail coat (worn) {PotionHeal*2 rC+}
   (You found it on level 6 of the Dungeon)

   PotionHeal*2: Potions heal its wearer twice as much.
   rC+:       It protects you from cold.
 t - a +2 pair of boots (worn)
 u - a +2 pair of gloves (worn)
 x - a scarf of shadows
 A - the +0 hat of Qiown (worn) {Harm rN+}
   (You found it on level 6 of the Dungeon)

   rN+:       It protects you from negative energy.
   Harm:      It increases damage dealt and taken.
 H - a +1 plate armour of willpower
 N - the scarf of Duck's Teeth (worn) {shadows, ^Drain +Blink Dex+6 Slay+3}
   (You found it on level 15 of the Dungeon)

   Dex+6:     It affects your dexterity (+6).
   Slay+3:    It affects your accuracy & damage with ranged weapons and melee
   (+3).
   +Blink:    It lets you blink.
   ^Drain:    It drains your maximum health when unequipped.
Jewellery
 f - an amulet of faith (around neck)
 n - an amulet of the acrobat
 r - a ring of positive energy (left hand)
 B - a ring of positive energy
 I - a ring of see invisible (right hand)
 L - a ring of protection from fire
 P - a ring of magical power
 Q - a ring of wizardry
Wands
 p - a wand of mindburst (4)
 v - a wand of paralysis (18)
 G - a wand of polymorph (16)
 M - a wand of quicksilver (5)
Scrolls
 e - 2 scrolls of vulnerability
 k - a scroll of identify
 o - 4 scrolls of enchant armour
 y - 2 scrolls of poison
 z - a scroll of amnesia
 D - a scroll of fog
 E - 2 scrolls of teleportation
 J - a scroll of brand weapon
 K - a scroll of noise
Potions
 g - 6 potions of invisibility
 j - 4 potions of mutation
 w - 5 potions of brilliance
 C - a potion of attraction
Miscellaneous
 s - a sack of spiders


   Skills:
 + Level 17.8 Fighting
 - Level 10.9(11.6) Short Blades
 - Level 6.5(10.1) Long Blades
 * Level 7.6 Armour
 - Level 3.2 Dodging
 - Level 15.7 Invocations


You had 12 spell levels left.
You knew the following spells:

 Your Spells              Type           Power      Damage    Failure   Level
a - Necrotise             Necr           0%         1d4       65%         1

Your spell library contained the following spells:

 Spells                   Type           Power      Damage    Failure   Level
 Apportation              Tloc           0%         N/A       65%         1
 Freeze                   Ice            0%         1d3       65%         1
 Kiss of Death            Conj/Necr      0%         2d5       65%         1
 Sting                    Conj/Alch      0%         1d3       65%         1
 Summon Small Mammal      Summ           0%         N/A       65%         1
 Ensorcelled Hibernation  Hex/Ice        0%         N/A       78%         2
 Static Discharge         Conj/Air       0%         3-3/arc   78%         2
 Sublimation of Blood     Necr           0%         N/A       78%         2
 Confusing Touch          Hex            0%         N/A       95%         3
 Frozen Ramparts          Ice            0%         1d1       95%         3
 Fugue of the Fallen      Necr           0%         N/A       95%         3
 Hailstorm                Conj/Ice       0%         3d5       95%         3
 Passwall                 Erth           0%         N/A       95%         3
 Swiftness                Air            0%         N/A       95%         3
 Airstrike                Air            0%         2d(0-16)  100%        4
 Anguish                  Hex/Necr       0%         N/A       100%        4
 Animate Dead             Necr           0%         N/A       100%        4
 Dispel Undead            Necr           0%         3d6       100%        4
 Petrify                  Alch/Erth      0%         N/A       100%        4
 Summon Lightning Spire   Summ/Air       0%         N/A       100%        4
 Vhi's Electric Charge    Tloc/Air       0%         N/A       100%        4
 Arcjolt                  Conj/Air       0%         1d10      100%        5
 Borgnjor's Vile Clutch   Necr/Erth      0%         N/A       100%        5
 Irradiate                Conj/Alch      0%         3d11      100%        5
 Death Channel            Necr           0%         N/A       100%        6
 Plasma Beam              Fire/Air       0%         2x1d10    100%        6


Dungeon Overview and Level Annotations

Branches:
Dungeon (15/15)            Temple (1/1) D:4            Lair (0/5) D:11
    Orc (0/2) D:12         Vaults (2/5) D:14         Depths (0/4) D:15
  Crypt: Vaults:2-3

Altars:
Ashenzari
Cheibriados
Dithmenos
Elyvilon
Fedhas
Gozag
Hepliaklqana
Kikubaaqudgha
Makhleb
Nemelex Xobeh
Okawaru
Qazlal
Ru
Sif Muna
Trog
Uskayaw
Vehumet
Wu Jian
Xom
Yredelemnul
Zin
The Shining One

Shops:
D:3 ?   D:4 =   D:6 =?   D:8 :   D:12 !   Vaults:1 *[

Annotations:
Vaults:2 Frederick


Innate Abilities, Weirdness & Mutations

Your life essence is reduced to manifest your ancestor. (-10% HP)
You have a pair of horns on your head.
You reflexively headbutt those who attack you in melee.


Message History

Yoru points at the crystal guardian and mumbles some strange words.
The stone arrow hits the crystal guardian.
The peacekeeper roars!
You hit the crystal guardian but do no damage.
The crystal guardian is heavily damaged.
The war gargoyle launches metal splinters at you.
The spray of metal splinters misses you.
The spray of metal splinters hits Yoru!!
The crystal guardian fires a crystalline bolt at you.
The crystal bolt misses you.
You hit the crystal guardian.
The crystal guardian is heavily damaged.
The war gargoyle hits you but does no damage.
You hit the crystal guardian but do no damage.
You headbutt the crystal guardian, but do no damage.
The crystal guardian is heavily damaged.
The peacekeeper roars a battlecry!
The golems go into a battle-frenzy!
The crystal guardian hits you but does no damage.
You hit the crystal guardian.
You headbutt the crystal guardian, but do no damage.
The crystal guardian is heavily damaged.
The war gargoyle launches metal splinters at you.
The spray of metal splinters misses you.
Yoru hits the war gargoyle with a +0 quarterstaff.
You puncture the crystal guardian!
You headbutt the crystal guardian, but do no damage.
The crystal guardian is severely damaged.
The crystal guardian fires a crystalline bolt at you.
The crystal bolt burns you!!
The war gargoyle hits you with a +0 morningstar!!!
* * * LOW HITPOINT WARNING * * *
You hit the crystal guardian. You headbutt the crystal guardian.
The crystal guardian is almost destroyed.
Yoru barely misses the war gargoyle.
Hepliaklqana grants Yoru healing and protection!
Yoru is fully restored!
The war gargoyle hits you with a +0 morningstar!!!
You die...
Hepliaklqana delivers you to your ancestors.

#.................
#.................
#..######'###.....
#..#........#.....
#..#........#.....
#..#........#..###
#..#........# #
#..#........#
#@R#........#
.....99.#........#
....9...#........#
........#........#
........##########
.........
.........


You could see the friendly Yoru the battlemage (idealised), a crystal guardian
(strong), a war gargoyle (strong, catching breath, ally target) and a
peacekeeper.

Vanquished Creatures
  A vault warden (Vaults:1)
  A stone giant (D:15)
  Josephine (D:11)
  4 vault guards (D:14)
  An ogre mage (D:14)
  A great orb of eyes (Vaults:2)
  2 hydras
  3 centaur warriors
  A two-headed ogre (D:10)
  3 boulder beetles
  2 tengu warriors (D:15)
  4 slime creatures
  2 deep elf pyromancers (D:15)
  3 orc knights
  12 ugly things
  3 cyclopes
  A manticore (D:14)
  An orc sorcerer (D:14)
  The ghost of sasquatch the Covert, a novice KoBr of Uskayaw (D:5)
  A gargoyle (D:11)
  7 yaktaurs
  2 cane toads (D:11)
  2 efreet (D:14)
  4 trolls
  A troll (shapeshifter) (D:15)
  A tarantella (shapeshifter) (D:13)
  A meliai zombie (D:12)
  A wraith (D:11)
  4 yaks (D:10)
  2 vampires (D:12)
  A basilisk (D:15)
  A hog (shapeshifter) (D:15)
  2 humans (D:14)
  A warg (D:15)
  6 vampire mosquitoes
  Menkaure (D:7)
  An acid dragon (D:14)
  A water moccasin (D:7)
  3 black bears
  7 orc warriors
  An ogre (D:5)
  4 centaurs
  4 kobold brigands
  4 bullfrogs
  4 gnoll sergeants (D:12)
  8 scorpions
  6 wights
  12 killer bees
  5 howler monkeys
  5 hounds
  2 bombardier beetles
  9 centaur zombies
  A jelly (D:6)
  A gnoll bouda (D:6)
  Crazy Yiuf (D:7)
  6 orc priests
  A sleepcap (D:6)
  2 scorpion zombies (D:6)
  Natasha (twice) (D:3)
  An iguana (D:7)
  6 orc wizards
  2 killer bee zombies (D:6)
  An ogre zombie (D:6)
  2 hound zombies (D:6)
  A hound skeleton (D:2)
  7 gnolls
  4 howler monkey zombies (D:6)
  6 adders
  3 river rats (D:11)
  A shadow imp (D:6)
  2 adder zombies
  2 dart slugs
  2 ribbon worms
  39 orcs
  7 ball pythons
  5 endoplasms
  2 giant cockroaches
  7 goblins
  5 hobgoblins
  2 jackals (D:4)
  2 quokkas (D:5)
  6 bats
  5 frilled lizards
  A giant cockroach zombie (D:2)
  27 kobolds
  A quokka skeleton (D:2)
  3 rats
  A spectral goblin (D:1)
328 creatures vanquished.

Vanquished Creatures (collateral kills)
  Snorg (D:12)
  A great orb of eyes (Vaults:2)
  An ironbound frostheart (Vaults:2)
  A two-headed ogre (D:11)
  A centaur warrior (D:13)
  An occultist (D:15)
  Urug (D:10)
  A sixfirhy (D:8)
  A deep elf pyromancer (D:13)
  An ugly thing (D:14)
  A manticore (D:13)
  A vault sentinel (Vaults:2)
  A yaktaur (Vaults:1)
  2 komodo dragons (D:11)
  A queen bee (shapeshifter) (D:15)
  4 trolls
  A raiju (shapeshifter) (D:14)
  2 slime creatures (D:14)
  3 wraiths (D:11)
  2 yaks (D:10)
  A human (D:14)
  4 vampire mosquitoes
  A steam dragon (D:9)
  Duvessa (D:7)
  An orc warrior (D:10)
  An ice beast (D:6)
  An ogre (D:15)
  3 centaurs
  A gnoll sergeant (D:12)
  A bullfrog (D:11)
  A wight (D:10)
  Dowan (D:7)
  A killer bee (D:8)
  5 howler monkeys
  A hound (D:5)
  2 jellies
  5 centaur zombies
  2 orc priests
  An iguana (D:5)
  4 orc wizards
  8 gnolls
  A white imp (D:8)
  A dart slug (D:5)
  20 orcs
  2 hobgoblins
  4 kobolds
102 creatures vanquished.

Vanquished Creatures (others)
  6 battlemagi
6 creatures vanquished.

Grand Total: 436 creatures vanquished

Notes
Turn   | Place    | Note
-------+----------+-------------------------------------------
     0 | D:1      | Asa the Minotaur Monk began the quest for the Orb.
     0 | D:1      | Reached XP level 1. HP: 19/19 MP: 0/0
   158 | D:1      | Reached XP level 2. HP: 24/26 MP: 1/1
   170 | D:1      | Found a faded altar of an unknown god.
   570 | D:1      | Reached skill level 5 in Long Blades
   647 | D:1      | Reached XP level 3. HP: 27/31 MP: 2/2
  1056 | D:2      | Found a shimmering blue altar of Sif Muna.
  1245 | D:2      | Reached XP level 4. HP: 29/39 MP: 3/3
  1938 | D:3      | Identified the +7 short sword "Ogreslayer" {venom, Int+4}
  2019 | D:3      | Reached skill level 1 in Short Blades
  2085 | D:3      | Noticed Natasha
  2088 | D:3      | Killed Natasha
  2089 | D:3      | Reached XP level 5. HP: 45/45 MP: 4/4
  2651 | D:3      | Noticed Natasha
  2656 | D:3      | Killed Natasha
  2690 | D:3      | Found The Oracle's Delphic Readings.
  2845 | D:4      | Reached XP level 6. HP: 51/51 MP: 5/5
  3074 | D:4      | Found Toteax's Jewellery Emporium.
  3139 | D:4      | Reached skill level 5 in Short Blades
  3167 | D:4      | Reached XP level 7. HP: 29/52 MP: 6/6
  3313 | D:4      | Found a staircase to the Ecumenical Temple.
  3372 | Temple   | Found a transporter.
  3372 | Temple   | Found a transporter.
  3372 | Temple   | Found a transporter.
  3372 | Temple   | Found a transporter.
  3372 | Temple   | Entered the Ecumenical Temple
  3455 | Temple   | Became a worshipper of Hepliaklqana the Forgotten
  3455 | Temple   | Reached * piety under Hepliaklqana
  3455 | Temple   | Reached ** piety under Hepliaklqana
  3456 | Temple   | Remembered your ancestor Yoru as a battlemage
  3477 | D:4      | Learned a level 1 spell: Necrotise
  3571 | D:4      | Found a snail-covered altar of Cheibriados.
  3857 | D:5      | Entered Level 5 of the Dungeon
  3911 | D:5      | Found a runed translucent gate.
  3911 | D:5      | Found a runed translucent gate.
  3911 | D:5      | Found a runed translucent gate.
  3914 | D:5      | Noticed sasquatch's ghost (novice KoBr)
  3928 | D:5      | Found a shadowy altar of Dithmenos.
  4104 | D:5      | Reached XP level 8. HP: 57/57 MP: 7/7
  4376 | D:5      | Found an iron altar of Okawaru.
  4714 | D:5      | Killed sasquatch's ghost
  4715 | D:5      | Reached skill level 10 in Short Blades
  4717 | D:5      | Reached skill level 1 in Invocations
  4818 | D:6      | Reached *** piety under Hepliaklqana
  4950 | D:6      | Reached XP level 9. HP: 58/63 MP: 10/10
  5074 | D:6      | Found Ycuquim's Jewellery Boutique.
  5161 | D:6      | Found Canuvvew's Magic Scroll Boutique.
  5164 | D:6      | Bought a scroll of identify for 28 gold pieces
  5164 | D:6      | Bought a scroll of identify for 28 gold pieces
  5164 | D:6      | Bought a scroll of identify for 28 gold pieces
  5164 | D:6      | Bought a scroll of identify for 28 gold pieces
  5218 | D:6      | Found the +7 Kryia's mail coat {PotionHeal*2 rC+}
  5364 | D:6      | Reached skill level 5 in Invocations
  5379 | D:6      | Found a basalt altar of Yredelemnul.
  5379 | D:6      | Identified the +0 hat of Qiown {Harm rN+}
  5675 | D:7      | Found a glowing silver altar of Zin.
  5714 | D:7      | Reached **** piety under Hepliaklqana
  5776 | D:7      | Noticed Menkaure
  5787 | D:7      | Killed Menkaure
  5864 | D:7      | Noticed Dowan
  5866 | D:7      | Noticed Duvessa
  5869 | D:7      | Killed Dowan
  5878 | D:7      | Killed Duvessa
  6226 | D:7      | Found a runed translucent door.
  6227 | D:7      | Noticed Crazy Yiuf
  6862 | D:7      | Killed Crazy Yiuf
  7094 | D:8      | Found a runed translucent door.
  7095 | D:8      | Noticed a sixfirhy
  7176 | D:8      | You fall into a shaft and drop 3 floors!
  7179 | D:11     | Noticed Josephine
  7180 | D:11     | Noticed a two-headed ogre
  7192 | D:11     | Noticed a troll
  7197 | D:11     | Reached XP level 10. HP: 40/69 MP: 14/16
  7197 | D:11     | Killed Josephine
  7198 | D:11     | Reached skill level 10 in Invocations
  7202 | D:11     | Killed a two-headed ogre
  7668 | D:10     | Entered Level 10 of the Dungeon
  7676 | D:10     | Noticed a two-headed ogre
  7690 | D:10     | Killed a two-headed ogre
  7696 | D:10     | Noticed Urug
  7706 | D:10     | Killed Urug
  7754 | D:10     | Reached XP level 11. HP: 33/73 MP: 19/19
  8543 | D:9      | Noticed a brown ugly thing
  8555 | D:9      | Killed a brown ugly thing
  8659 | D:9      | Found a sacrificial altar of Ru.
  9721 | D:8      | Found Jyletal's Book Shoppe.
  9927 | D:8      | Killed a sixfirhy
 10140 | D:11     | Reached ***** piety under Hepliaklqana
 10279 | D:11     | Noticed a boulder beetle
 10292 | D:11     | Killed a boulder beetle
 10388 | D:11     | Reached skill level 15 in Invocations
 10555 | D:11     | Found a staircase to the Lair.
 10638 | D:11     | Noticed a boulder beetle
 10648 | D:11     | Killed a boulder beetle
 10814 | D:11     | Identified the +1 robe "Iluth" {+Inv Dex-5 SInv}
 11141 | D:12     | Noticed Snorg
 11146 | D:12     | HP: 1/74 [Snorg (3)]
 11148 | D:12     | Reached skill level 4 in Fighting
 11359 | D:12     | Reached skill level 5 in Fighting
 11367 | D:12     | Reached XP level 12. HP: 36/84 MP: 17/22
 11650 | D:12     | Reached skill level 6 in Fighting
 11659 | D:12     | Reached skill level 7 in Fighting
 11669 | D:12     | Reached skill level 8 in Fighting
 11686 | D:12     | Reached skill level 9 in Fighting
 12072 | D:12     | Found a basalt altar of Yredelemnul.
 12076 | D:12     | Found Non Du Atos's Distillery.
 12088 | D:12     | Identified the +3 orcbow of the Shouting Gods {drain, rN+
                  | Int-5 Dex+5}
 12108 | D:12     | Bought 2 potions of curing for 84 gold pieces
 12108 | D:12     | Bought 2 potions of heal wounds for 140 gold pieces
 12203 | D:12     | Reached skill level 10 in Fighting
 12384 | D:12     | Found a staircase to the Orcish Mines.
 12573 | D:12     | Killed Snorg
 12688 | D:13     | Reached skill level 11 in Fighting
 12728 | D:13     | Noticed a four-headed hydra
 12729 | D:13     | Noticed a centaur warrior
 12729 | D:13     | Noticed a centaur warrior
 12744 | D:13     | Killed a four-headed hydra
 12745 | D:13     | Killed a centaur warrior
 12746 | D:13     | Reached skill level 12 in Fighting
 12746 | D:13     | Killed a centaur warrior
 12755 | D:13     | Noticed a centaur warrior
 12761 | D:13     | Killed a centaur warrior
 13016 | D:13     | Noticed a boulder beetle
 13033 | D:13     | Killed a boulder beetle
 13034 | D:13     | Reached skill level 13 in Fighting
 13584 | D:14     | Reached XP level 13. HP: 86/110 MP: 23/23
 13603 | D:14     | Reached skill level 14 in Fighting
 14530 | D:14     | Reached skill level 15 in Fighting
 15372 | D:14     | Reached skill level 16 in Fighting
 15822 | D:14     | Found a gate to the Vaults.
 16292 | D:15     | Entered Level 15 of the Dungeon
 16711 | D:15     | Reached skill level 17 in Fighting
 16887 | D:15     | Identified the scarf of Duck's Teeth {shadows, ^Drain
                  | +Blink Dex+6 Slay+3}
 16930 | D:15     | Reached skill level 1 in Armour
 17475 | D:15     | Reached skill level 5 in Armour
 17685 | D:15     | Found a staircase to the Depths.
 17685 | D:15     | Noticed a stone giant
 17695 | D:15     | Killed a stone giant
 18068 | D:15     | Reached XP level 14. HP: 58/126 MP: 24/24
 18375 | D:15     | Identified the +8 falchion of Victory {protect, rCorr Dex+3
                  | Stlth-}
 18931 | Vaults:1 | Entered Level 1 of the Vaults
 18931 | Vaults:1 | Found Fozxa's General Store.
 18931 | Vaults:1 | Found Banev's Antique Armour Emporium.
 18934 | Vaults:1 | Noticed a vault warden
 18957 | Vaults:1 | Killed a vault warden
 18965 | Vaults:2 | Identified the orb of Supple Strength {*channel, Str+6
                  | Dex+3 Air}
 18965 | Vaults:2 | Noticed Frederick
 19484 | Vaults:2 | Mangled by a war gargoyle

Illustrated notes

Levels and vault maps discovered:
D:1:      dpeg_arrival_tiny_h, layout_basic,
          dreamdust_ecumenical_altar_drowned_temple
D:2:      layout_basic, serial_undead, serial_undead_a, serial_undead_c,
          serial_undead_e, serial_undead_c, basic_altar, minmay_close_crescents
D:3:      layout_rooms, serial_co_window_serial, co_window_of_opportunity_a,
          co_window_paths_a, co_window_corner_a, co_window_paths_a,
          co_window_corner_a, co_window_corner_a, co_window_cross_1,
          co_window_of_opportunity_a, co_window_paths_a, co_window_broadway_a,
          co_window_paths_c, co_window_broadway_a, co_window_broadway_a,
          co_window_paths_d, glass_columns_b, minmay_misc_feat_encased,
          nicolae_nh_oracle_at_delphi, uniq_natasha
D:4:      layout_basic, chei_slow_surprise, temple_doors_e, serial_shops,
          nicolae_shop_peninsula, minivault_1
D:5:      layout_loops_ring, nicolae_dithmenos_the_darkroom,
          okawaru_altar_gauntlet_db, gammafunk_ghost_split
D:6:      layout_cave_pools, serial_shops, nicolae_shop_rolled_up,
          minmay_shop_enchanted_jewellery, roadster_capsule_ark_zombie
D:7:      layout_layer_cave, mainiacjoe_overflow_tiny_flanked, uniq_menkaure,
          uniq_duvessa, uniq_crazy_yiuf_cottage
D:8:      cheibrodos_shockbox, layout_rooms, serial_shops, shop
D:9:      layout_long_grid, lemuel_tele_altar, serial_glass, glass_columns_c,
          glass_columns_c
D:10:     layout_rooms, uniq_urug
D:11:     layout_gridville, dpeg_lair_monsters, uniq_josephine
D:12:     layout_gridville, kennysheep_orc_monster_closet_entryway,
          serial_shops, nicolae_shop_industrial_runoff,
          nicolae_yredelemnul_corpse_copse, uniq_snorg
D:13:     layout_basic, kennysheep_nondescript
D:14:     layout_basic, grunt_vaults_entry_fortified, dk_noncrumbling_2
D:15:     grunt_enter_depths_snipers, layout_irregular_city,
          nicolae_figureground_pulse
Temple:   hellmonk_temple_divided_pantheon
Vaults:1: nicolae_vaults_doubleplus_tesselated, nicolae_vaults_apartment_2,
          st_quartered_hall, vaults_mumra_minichess_inversion,
          hangedman_vaults_stitches, nicolae_vaults_windows_and_doors_thing,
          v_misc_24, nicolae_vaults_theta, serial_library_hellmonk_open_cross,
          layout_vaults_maze_bifur, serial_shops, nicolae_shop_window_shopping,
          nicolae_shop_tiny_waterfront, nicolae_shop_statue_plus
Vaults:2: st_more_cells, nicolae_vaults_two_Ls, v_misc_10,
          nicolae_vaults_storage_room_doors, nicolae_vaults_weapon_check,
          nicolae_vaults_trapezoid_lopsided_3, nicolae_vaults_alarming,
          v_misc_1, layout_vaults_omnigrid, uniq_frederick, uniq_boris

Skill      XL: |  1  2  3  4  5  6  7  8  9 10 11 12 13 14 |
---------------+-------------------------------------------+-----
Long Blades    | 4 5 6 |  6.5
Short Blades   | 1 4 6 8 10 | 10.9
Invocations    | 3 9 12 15 | 15.7
Fighting       | 5 13 17 | 17.8
Armour         | 6 7 |  7.6
Dodging        | |  3.2

Action                     |  1- 3 |  4- 6 |  7- 9 | 10-12 | 13-15 || total
---------------------------+-------+-------+-------+-------+-------++-------
  Melee: Falchion          |    49 |    24 |       |       |       ||    73
         Headbutt          |     9 |    15 |    61 |   111 |   121 ||   317
         Short sword       |       |    68 |   239 |   427 |   301 ||  1035
 Invoke: Ancestor Life: Ba |       |       |     1 |       |       ||     1
         Ancestor Identity |       |       |     1 |       |       ||     1
         Recall Ancestor   |       |       |     2 |       |       ||     2
         Idealise          |       |       |     2 |     4 |     3 ||     9
         Transference      |       |       |       |     1 |     3 ||     4
Ability: Evoke Blink       |       |       |       |       |     1 ||     1
  Evoke: Wand              |       |       |       |     1 |     1 ||     2
    Use: Scroll            |       |     4 |    13 |    10 |     8 ||    35
         Potion            |       |     1 |     2 |     8 |     9 ||    20
   Stab: Distracted        |       |       |       |     6 |     3 ||     9
 Armour: Robe              |    34 |    44 |    31 |       |       ||   109
         Scale mail        |       |       |   118 |   468 |   245 ||   831
         Skin              |       |       |       |    76 |       ||    76
  Dodge: Dodged            |    24 |    46 |   104 |   274 |   107 ||   555

Table legend: (Time is in decaauts)
 A = Elapsed time spent in this place.
 B = Non-inter-level travel time spent in this place.
 C = Inter-level travel time spent in this place.
 D = Time resting spent in this place.
 E = Time spent auto-exploring this place.
 F = Levels seen in this place.
 G = Mean time per level.
                   A        B        C        D        E       F      G
               +--------+--------+--------+--------+--------+-----+--------+
         Total |  19068 |  17957 |   1111 |   5258 |  10539 |  18 | 1059.3 |
       Dungeon |  18428 |  17330 |   1098 |   4848 |  10539 |  15 | 1228.5 |
        Temple |    100 |     87 |     13 |      0 |      0 |   1 |  100.0 |
        Vaults |    539 |    539 |      0 |    410 |      0 |   2 |  269.5 |
               +--------+--------+--------+--------+--------+-----+--------+

Top non-repeatable levels by time:
    D:14: 2844 daAuts
    D:15: 2386 daAuts
    D:11: 1722 daAuts
     D:7: 1319 daAuts
    D:12: 1313 daAuts
     D:1: 1002 daAuts
     D:4: 937 daAuts
     D:5: 935 daAuts
     D:2: 910 daAuts
     D:3: 889 daAuts
    D:13: 874 daAuts
     D:9: 862 daAuts
    D:10: 854 daAuts
     D:8: 812 daAuts
     D:6: 761 daAuts
